 Dungeon Crawl Stone Soup version 0.28-a0-1638-g9123634e07 (webtiles) character file.

Game seed: 4114368367745506266

57 HallandMoats the Skirmisher (level 4, -2/40 HPs)
             Began as a Ghoul Fighter on Jan 25, 2022.
             Killed from afar by an orc wizard (5 damage)
             ... with a magic dart
             ... on level 3 of the Dungeon.
             The game lasted 00:01:44 (2115 turns).

HallandMoats the Skirmisher (Ghoul Fighter)         Turns: 2115, Time: 00:01:45

Health: -2/40      AC:  6    Str: 19    XL:     4   Next: 0%
Magic:  3/3        EV:  9    Int:  5    God:
Gold:   104        SH:  4    Dex:  8    Spells: 3/3 levels left

rFire   . . .      SeeInvis .   a - +0 long sword
rCold   + . .      Faith    .   c - +0 buckler
rNeg    + + +      Spirit   .   b - +0 scale mail
rPois   ∞          Reflect  .   (no helmet)
rElec   .          Harm     .   (no cloak)
rCorr   .          Rampage  .   (no gloves)
Will    .....                   (no boots)
Stlth   ..........              (no amulet)
HPRegen 0.00/turn               (no ring)
MPRegen 0.08/turn               (no ring)

@: mighty, inhibited regen
A: claws 1, cold resistance 1, negative energy resistance 3, inhibited
regeneration, torment resistance 2
a: no special abilities


You were on level 3 of the Dungeon.
You visited 1 branch of the dungeon, and saw 3 of its levels.

You collected 104 gold pieces.

Inventory:

Hand Weapons
 a - a +0 long sword (weapon)
Armour
 b - a +0 scale mail (worn)
 c - a +0 buckler (worn)
Jewellery
 j - a +6 ring of strength
Wands
 f - a wand of iceblast (7)
Scrolls
 e - a scroll of enchant armour {unknown}
 g - a scroll of identify {unknown}
Potions
 h - a potion of curing {unknown}
 i - a potion of cancellation {unknown}


   Skills:
 * Level 3.8 Fighting
 - Level 2.0 Long Blades
 * Level 0.9 Polearms
 + Level 3.0 Armour
 + Level 0.5 Dodging
 + Level 2.9 Shields
 + Level 1.0 Invocations


You had 3 spell levels left.
You didn't know any spells.
Your spell library was empty.

Dungeon Overview and Level Annotations

Branches:
Dungeon (3/15)

Altars:
Sif Muna

Shops:
D:1 (


Innate Abilities, Weirdness & Mutations

You thrive by killing the living.
You are immune to poison.
You have sharp fingernails.
Your flesh is cold resistant. (rC+)
You are immune to negative energy. (rN+++)
You do not regenerate when monsters are visible.
You are immune to unholy pain and torment.


Message History

You feel very mighty all of a sudden. Something hits you but does no damage.
You hit something. Something hits you.
* * * LOW HITPOINT WARNING * * *
You bump into the rock wall.
Something hits you but does no damage.
You bump into the rock wall.
You hear some strange, mumbled words.
You are more confused.
You completely miss something. Something hits you but does no damage.
Something hits you.
* * * LOW HITPOINT WARNING * * *
You bump into the rock wall.
Something completely misses you.
You completely miss something. Something hits you.
* * * LOW HITPOINT WARNING * * *
You bump into the rock wall.
You feel less confused. The orc hits you but does no damage.
Something hits you but does no damage.
You hit the orc but do no damage.
The orc is heavily wounded.
You block the orc's attack. Something hits you but does no damage.
The orc hits you with a +0 hand axe.
* * * LOW HITPOINT WARNING * * *
You slash the orc!
You kill the orc!
You feel better. Something hits you but does no damage. Something hits you.
* * * LOW HITPOINT WARNING * * *
You slash the orc!
You kill the orc!
You feel better. Something hits you.
* * * LOW HITPOINT WARNING * * *
You have reached level 4!
Things that are here:
a +0 club; a +0 hand axe; a +0 chain mail
Things that are here:
a +0 hand axe; a +0 ring mail You miss something.
You hear some strange, mumbled words.
A magic dart appears from out of thin air!
The magic dart hits you.
You die...

##.#.##)#.######
##.#.###.......#
##.#...........#
...............#
.......#.......#
####.###.......########
......................
####.#.####....####.##
# #.#.# #.....@{...# #
#.#.# #....####..# #
#.#.# ##..## #..# #
#.#.# #..# #..# # #.#.#
##.# #..# ####.#.. ..#
#..# .....### ##o. #...
###### ##. #.## .# #.#


There were no monsters in sight!

Vanquished Creatures
  2 adders
  A worm (D:2)
  A dart slug (D:2)
  3 orcs (D:3)
  2 bats
  An endoplasm (D:1)
  4 giant cockroaches
  2 goblins (D:1)
  4 hobgoblins (D:1)
  2 kobolds
  A quokka (D:1)
  2 ball pythons
  2 frilled lizards
  A rat (D:1)
28 creatures vanquished.

Vanquished Creatures (others)
  4 plants (D:1)
4 creatures vanquished.

Grand Total: 32 creatures vanquished

Notes
Turn   | Place    | Note
-------+----------+-------------------------------------------
     0 | D:1      | HallandMoats the Ghoul Fighter began the quest for the Orb.
     0 | D:1      | Reached XP level 1. HP: 19/19 MP: 0/0
   184 | D:1      | Reached XP level 2. HP: 22/26 MP: 1/1
   380 | D:1      | Found Buzxysec's Antique Weapon Boutique.
  1149 | D:2      | Found a shimmering blue altar of Sif Muna.
  1156 | D:2      | Reached XP level 3. HP: 31/31 MP: 2/2
  2088 | D:3      | Reached skill level 1 in Invocations
  2110 | D:3      | HP: 1/33 [orc (2)]
  2113 | D:3      | Reached XP level 4. HP: 3/40 MP: 3/3
  2115 | D:3      | Killed from afar by an orc wizard

Illustrated notes

Levels and vault maps discovered:
D:1:      dpeg_arrival_ternary, layout_rooms, serial_shops, shop_fountains,
          serial_co_window_serial, co_window_corner_a, co_window_paths_a,
          co_window_of_opportunity_a, co_window_cross_1, co_window_paths_a,
          co_window_cross_4, co_window_corner_ca, co_window_2corner,
          co_window_paths_e, glass_columns_a, glass_columns_a, glass_columns_a,
          glass_columns_b, serial_bayou_pond_c
D:2:      layout_basic, basic_altar, dk_noncrumbling_3
D:3:      layout_basic, nicolae_overflow_hidden_temple,
          ebering_ecumenical_altar_box, uniq_terence

Skill      XL: |  1  2  3 |
---------------+----------+-----
Long Blades    | 2 |  2.0
Armour         | 3 |  3.0
Invocations    | 1 |  1.0
Fighting       | |  3.8
Polearms       | |  0.9
Dodging        | |  0.5
Shields        | |  2.9

Action                   |  1- 3 |  4- 6 || total
-------------------------+-------+-------++-------
Melee: Long sword        |   113 |     1 ||   114
  Use: Potion            |     1 |       ||     1
Armor: Scale mail        |    56 |       ||    56
Dodge: Dodged            |    40 |       ||    40
Block: Buckler           |    20 |       ||    20

Table legend: (Time is in decaauts)
 A = Elapsed time spent in this place.
 B = Non-inter-level travel time spent in this place.
 C = Inter-level travel time spent in this place.
 D = Time resting spent in this place.
 E = Time spent auto-exploring this place.
 F = Levels seen in this place.
 G = Mean time per level.
                   A        B        C        D        E       F      G
               +--------+--------+--------+--------+--------+-----+--------+
         Total |   2160 |   2107 |     53 |      0 |   1804 |   3 |  720.0 |
       Dungeon |   2160 |   2107 |     53 |      0 |   1804 |   3 |  720.0 |
               +--------+--------+--------+--------+--------+-----+--------+

Top non-repeatable levels by time:
     D:1: 1037 daAuts
     D:2: 962 daAuts
     D:3: 161 daAuts
